WCHLSIM.com - West Coast Hockey League
html PUBLIC "-//W3C//DTD XHTML 1.0 Transitional//EN" "http://www.w3.org/TR/xhtml1/DTD/xhtml1-transitional.dtd"> WCHL - Game 447 - LONG BEACH BARACUDAS vs PORTLAND PIRATES

LONG BEACH BARACUDAS vs PORTLAND PIRATES

Created - 16 décembre 2022 at 07:34

Goals
1 2 3 OT1 SO T
LONG BEACH BARACUDAS 1 0 1 0 0 2
PORTLAND PIRATES 1 1 0 0 1 3
Shots
1 2 3 OT1 SO T
LONG BEACH BARACUDAS 8 9 5 3 3 25
PORTLAND PIRATES 8 17 5 0 3 30

1st period

1. LONG BEACH BARACUDAS , Brock Nelson 16 (Ryan Murray 2) at 8:11
2. PORTLAND PIRATES , Rickard Rakell 7 (Jonathan Toews 7) at 12:44

Penalties :
Seth Jarvis (LOB) for Roughing (Minor) at 8:53, P.K. Subban (LOB) for Slashing (Minor) at 13:24, Mark Borowiecki (POR) for Slashing (Minor) at 17:14

2nd period

3. PORTLAND PIRATES , Travis Konecny 8 (Chandler Stephenson 15, Mika Zibanejad 23) at 19:00

Penalties :
Robert Fabbri (LOB) for Holding (Minor) at 2:37, Travis Hamonic (POR) for Interference (Minor) at 7:05, Travis Konecny (POR) for Tripping (Minor) at 16:43

3rd period

4. LONG BEACH BARACUDAS , Robert Fabbri 6 (Derek Stepan 3) at 8:47

Penalties :
Pavel Zacha (POR) for Holding (Minor) at 12:01

Overtime #1

No Goal

Penalties :
No Penalty

Shootout

LONG BEACH BARACUDAS, William Karlsson - Shot Misses the Net
PORTLAND PIRATES, Mika Zibanejad - Shot Misses the Net
LONG BEACH BARACUDAS, Brock Nelson - Stopped by Kevin Lankinen
PORTLAND PIRATES, Robert Thomas - Stopped by Martin Jones
LONG BEACH BARACUDAS, Taylor Hall - Shot Misses the Net
PORTLAND PIRATES, Chandler Stephenson - Goal!

Penalties :
No Penalty

Goalie Stats

Martin Jones (LOB), 28 saves from 30 shots - (0,933), OTL, 2-2-1, 65:00 minutes
Kevin Lankinen (POR), 23 saves from 25 shots - (0,920), W, 4-2-0, 65:00 minutes

Players Stats for LONG BEACH BARACUDAS

Player Name              G  A  P  +/- PIM S  H  SB GA TA FO     MP     PP MP  PK MP  
------------------------------------------------------------------------------------
Alex Pietrangelo         0  0  0   0  0   4  0  6  0  0  0/0    28:14   4:54   3:18 
Arthur Kaliyev           0  0  0  -1  0   0  1  0  0  0  0/2    12:53   0:00   0:00 
Brock McGinn             0  0  0   0  0   1  1  0  0  0  0/2    10:15   0:00   0:00 
Brock Nelson             1  0  1   1  0   5  1  0  0  0  16/22  22:08   3:42   0:00 
Craig Smith              0  0  0   0  0   4  2  0  0  0  0/0    10:15   0:00   0:00 
Derek Stepan             0  1  1   0  0   0  0  0  0  0  3/5     8:58   0:00   1:32 
Derrick Pouliot          0  0  0  -1  0   0  3  1  0  0  0/0    17:17   4:06   2:25 
Jaden Schwartz           0  0  0  -1  0   0  0  0  0  0  0/1    17:42   3:42   0:00 
Mitch Reinke             0  0  0   1  0   0  0  1  0  0  0/0    22:49   3:02   1:12 
Nicklas Backstrom        0  0  0   0  0   2  0  0  0  0  5/16   19:23   4:14   3:47 
Nolan Patrick            0  0  0   0  0   0  1  1  0  0  1/6     9:06   0:00   2:10 
P.K. Subban              0  0  0  -1  2   1  2  3  0  0  0/0    18:47   3:50   2:20 
Robbie Russo             0  0  0   1  0   0  0  1  0  0  0/0    17:22   0:00   0:17 
Robert Fabbri            1  0  1   0  2   2  1  0  0  0  1/3     9:27   0:00   2:32 
Ryan Murray              0  1  1   0  0   0  2  1  0  0  0/0    19:43   0:00   2:05 
Seth Jarvis              0  0  0   1  2   0  1  0  0  0  0/0    21:14   3:42   0:00 
Taylor Hall              0  0  0   1  0   2  0  0  0  0  0/4    21:47   4:14   0:00 
William Karlsson         0  0  0  -1  0   4  0  1  0  0  8/21   21:40   4:14   2:10 

Players Stats for PORTLAND PIRATES

Player Name              G  A  P  +/- PIM S  H  SB GA TA FO     MP     PP MP  PK MP  
------------------------------------------------------------------------------------
Ben Hutton               0  0  0  -1  0   0  0  1  0  0  0/0    15:28   0:00   3:03 
Brett Pesce              0  0  0   0  0   0  0  0  0  0  0/0    25:52   2:21   4:53 
Brian Dumoulin           0  0  0   1  0   1  1  1  0  0  0/0    21:48   0:00   3:51 
Chandler Stephenson      0  1  1   1  0   3  0  0  0  0  4/7    21:40   2:32   1:14 
Jonathan Toews           0  1  1   0  0   2  0  0  0  0  11/14  15:46   3:36   0:00 
Mark Borowiecki          0  0  0  -1  2   0  5  1  0  0  0/0    15:22   0:00   2:58 
Michael Amadio           0  0  0   0  0   3  0  0  0  0  0/1     6:36   0:00   2:54 
Mika Zibanejad           0  1  1   1  0   2  1  1  0  0  12/20  21:19   3:25   0:00 
Pavel Zacha              0  0  0  -1  2   4  2  0  0  0  3/8    21:42   2:21   3:41 
Rickard Rakell           1  0  1   0  0   3  0  1  0  0  0/0    14:57   2:32   0:15 
Riley Nash               0  0  0   0  0   0  0  0  0  0  0/0     0:00   0:00   0:00 
Robert Thomas            0  0  0  -1  0   4  1  0  0  0  12/23  20:46   3:25   0:00 
Ryan Donato              0  0  0   0  0   1  0  0  0  0  2/3    14:58   0:00   0:00 
Thomas Chabot            0  0  0   0  0   0  2  1  0  0  0/0    22:22   3:36   0:00 
Travis Hamonic           0  0  0   1  2   0  0  1  0  0  0/0    18:09   0:00   1:07 
Travis Konecny           1  0  1   1  2   3  0  0  0  0  1/1    18:52   3:25   0:00 
William Carrier          0  0  0   0  0   0  0  1  0  0  0/0     8:36   0:00   4:54 
Yanni Gourde             0  0  0  -1  0   4  2  0  0  0  3/5    22:47   2:32   2:54 

3 Stars

1 - Brock Nelson (LOB)
2 - Rickard Rakell (POR)
3 - Mika Zibanejad (POR)

Power Play

LONG BEACH BARACUDAS - 0 on 4 Attempt(s) - 0,00%
PORTLAND PIRATES - 0 on 3 Attempt(s) - 0,00%

Penalty Kill

LONG BEACH BARACUDAS - 3 on 3 Attempt(s) - 100,00% - Score 0 goal in Penalty Kill
PORTLAND PIRATES - 4 on 4 Attempt(s) - 100,00% - Score 0 goal in Penalty Kill

Team Stat

LONG BEACH BARACUDAS - Hits : 15 - Faceoff Wins : 34 - Blocked Shots : 15 - Penalty Minutes : 6
PORTLAND PIRATES - Hits : 14 - Faceoff Wins : 48 - Blocked Shots : 8 - Penalty Minutes : 8

Official

Referees : Furman South and Brandon Blandina
Linesman : Julien Fournier and Brad Kovachik

Game Notes

No Game Note

Finance

Level 1 -- Attendance: 8000 (100,00%) -- Ticket Income 1 272 000 $
Level 2 -- Attendance: 6000 (100,00%) -- Ticket Income 684 000 $
Level 3 -- Attendance: 3000 (100,00%) -- Ticket Income 252 000 $
Level 4 -- Attendance: 4000 (100,00%) -- Ticket Income 316 000 $
Luxury Box -- Attendance: 1000 (100,00%) -- Ticket Income 344 000 $
Total Attendance: 22000 (100,00%)
Total Ticket Income: 2 868 000 $
Other Expense: 28 680 $
Total Income: 2 839 320 $

LONG BEACH BARACUDAS

5 vs 5 Forward 
   Center                   Left Wing                Right Wing               Time % Phy DF OF 
 1 Brock Nelson             Taylor Hall              Seth Jarvis              38     0   2  3  
 2 William Karlsson         Jaden Schwartz           Arthur Kaliyev           31     0   2  3  
 3 Nicklas Backstrom        Craig Smith              Brock McGinn             21     0   3  2  
 4 Nolan Patrick            Derek Stepan             Robert Fabbri            10     0   4  1  

5 vs 5 Defense 
   Defense                  Defense                                           Time % Phy DF OF 
 1 Alex Pietrangelo         Ryan Murray                                       36     0   3  2  
 2 Robbie Russo             Mitch Reinke                                      31     0   3  2  
 3 Derrick Pouliot          P.K. Subban                                       23     0   4  1  
 4 Ryan Murray              Alex Pietrangelo                                  10     0   4  1  

PowerPlay Forward 
   Center                   Left Wing                Right Wing               Time % Phy DF OF 
 1 William Karlsson         Taylor Hall              Nicklas Backstrom        55     0   0  5  
 2 Brock Nelson             Jaden Schwartz           Seth Jarvis              45     0   0  5  

PowerPlay Defense
   Defense                  Defense                                           Time % Phy DF OF 
 1 Alex Pietrangelo         Derrick Pouliot                                   55     0   0  5  
 2 P.K. Subban              Mitch Reinke                                      45     0   0  5  

Penalty Kill 4 Players Forward 
   Center                   Wing                     Time % Phy DF OF 
 1 Robert Fabbri            Nicklas Backstrom        55     0   5  0  
 2 Nolan Patrick            William Karlsson         45     0   5  0  

Penalty Kill 4 Players Defense
   Defense                  Defense                  Time % Phy DF OF 
 1 P.K. Subban              Alex Pietrangelo         55     0   5  0  
 2 Derrick Pouliot          Ryan Murray              45     0   5  0  

Penalty Kill - 3 Players Forward 
   Forward                                           Time % Phy DF OF 
 1 Nicklas Backstrom                                 55     0   5  0  
 2 Brock Nelson                                      45     0   5  0  

Penalty Kill - 3 Players Defense
   Defense                  Defense                  Time % Phy DF OF 
 1 Mitch Reinke             Alex Pietrangelo         55     0   5  0  
 2 P.K. Subban              Ryan Murray              45     0   5  0  

4 vs 4 Forward 
   Center                   Wing                     Time % Phy DF OF 
 1 Nolan Patrick            William Karlsson         55     0   2  3  
 2 Nicklas Backstrom        Robert Fabbri            45     0   2  3  

4 vs 4 Defense
   Defense                  Defense                  Time % Phy DF OF 
 1 Alex Pietrangelo         P.K. Subban              55     0   2  3  
 2 Derrick Pouliot          Ryan Murray              45     0   2  3  

Last Minutes Offensive
   Center                   Left Wing                Right Wing               Defense                  Defense                  
   William Karlsson         Taylor Hall              Arthur Kaliyev           Alex Pietrangelo         Robbie Russo             

Last Minutes Defensive
   Center                   Left Wing                Right Wing               Defense                  Defense                  
   William Karlsson         Jaden Schwartz           Arthur Kaliyev           Alex Pietrangelo         Robbie Russo             

Goaltenders
Starting : Martin Jones             
Backup : Jake Oettinger           

Extra Forwards
Normal : Nicklas Backstrom, Robert Fabbri, William Karlsson - PP : Nicklas Backstrom, Robert Fabbri - PK : Nicklas Backstrom
Extra Defensemen
Normal : Derrick Pouliot, Mitch Reinke, P.K. Subban - PP : Derrick Pouliot - PK : Mitch Reinke, P.K. Subban
Penalty Shots
William Karlsson, Brock Nelson, Taylor Hall, Seth Jarvis, Nicklas Backstrom
Custom OT Lines Forwards
William Karlsson, Brock Nelson, Taylor Hall, Seth Jarvis, Nicklas Backstrom, Jaden Schwartz, Nolan Patrick, Arthur Kaliyev, Robert Fabbri, Brock McGinn
Custom OT Lines Defensemen
Alex Pietrangelo, Mitch Reinke, P.K. Subban, Ryan Murray, Derrick Pouliot

Scratches
Alexandre Texier (Torn Left ACL Injury), Boris Katchouk (Healthy), Jared Spurgeon (Sprained Left Finger Injury)

PORTLAND PIRATES

5 vs 5 Forward 
   Center                   Left Wing                Right Wing               Time % Phy DF OF 
 1 Mika Zibanejad           Chandler Stephenson      Travis Konecny           33     0   2  3  
 2 Robert Thomas            Pavel Zacha              Yanni Gourde             33     0   2  3  
 3 Jonathan Toews           Ryan Donato              Rickard Rakell           24     0   2  3  
 4 Ryan Donato              William Carrier          Michael Amadio           10     1   2  2  

5 vs 5 Defense 
   Defense                  Defense                                           Time % Phy DF OF 
 1 Brett Pesce              Thomas Chabot                                     35     0   3  2  
 2 Brian Dumoulin           Travis Hamonic                                    35     0   4  1  
 3 Ben Hutton               Mark Borowiecki                                   20     1   4  0  
 4 Ben Hutton               Mark Borowiecki                                   10     1   4  0  

PowerPlay Forward 
   Center                   Left Wing                Right Wing               Time % Phy DF OF 
 1 Mika Zibanejad           Travis Konecny           Robert Thomas            60     0   1  4  
 2 Chandler Stephenson      Yanni Gourde             Rickard Rakell           40     0   1  4  

PowerPlay Defense
   Defense                  Defense                                           Time % Phy DF OF 
 1 Thomas Chabot            Jonathan Toews                                    60     0   2  3  
 2 Brett Pesce              Pavel Zacha                                       40     0   2  3  

Penalty Kill 4 Players Forward 
   Center                   Wing                     Time % Phy DF OF 
 1 Pavel Zacha              William Carrier          55     0   5  0  
 2 Yanni Gourde             Michael Amadio           45     0   5  0  

Penalty Kill 4 Players Defense
   Defense                  Defense                  Time % Phy DF OF 
 1 Brian Dumoulin           Ben Hutton               55     0   5  0  
 2 Brett Pesce              Mark Borowiecki          45     0   5  0  

Penalty Kill - 3 Players Forward 
   Forward                                           Time % Phy DF OF 
 1 William Carrier                                   55     0   5  0  
 2 Michael Amadio                                    45     0   5  0  

Penalty Kill - 3 Players Defense
   Defense                  Defense                  Time % Phy DF OF 
 1 Brian Dumoulin           Ben Hutton               55     0   5  0  
 2 Brett Pesce              Mark Borowiecki          45     0   5  0  

4 vs 4 Forward 
   Center                   Wing                     Time % Phy DF OF 
 1 Pavel Zacha              Yanni Gourde             55     0   2  3  
 2 Jonathan Toews           Rickard Rakell           45     0   2  3  

4 vs 4 Defense
   Defense                  Defense                  Time % Phy DF OF 
 1 Brian Dumoulin           Thomas Chabot            55     0   3  2  
 2 Brett Pesce              Ben Hutton               45     0   3  2  

Last Minutes Offensive
   Center                   Left Wing                Right Wing               Defense                  Defense                  
   Mika Zibanejad           Chandler Stephenson      Robert Thomas            Thomas Chabot            Brett Pesce              

Last Minutes Defensive
   Center                   Left Wing                Right Wing               Defense                  Defense                  
   Yanni Gourde             William Carrier          Michael Amadio           Brian Dumoulin           Ben Hutton               

Goaltenders
Starting : Kevin Lankinen           
Backup : Cameron Talbot           

Extra Forwards
Normal : Ryan Donato, Jonathan Toews, Pavel Zacha - PP : Rickard Rakell, Jonathan Toews - PK : Rickard Rakell
Extra Defensemen
Normal : Ben Hutton, Mark Borowiecki, Brett Pesce - PP : Ben Hutton - PK : Mark Borowiecki, Brett Pesce
Penalty Shots
Mika Zibanejad, Robert Thomas, Chandler Stephenson, Rickard Rakell, Jonathan Toews
Custom OT Lines Forwards
Mika Zibanejad, Chandler Stephenson, Robert Thomas, Yanni Gourde, Rickard Rakell, Jonathan Toews, Pavel Zacha, Travis Konecny, Ryan Donato, William Carrier
Custom OT Lines Defensemen
Thomas Chabot, Brett Pesce, Brian Dumoulin, Travis Hamonic, Ben Hutton

Scratches
Gabriel Landeskog (Left Foot Injury)

% Time on Ice - LONG BEACH BARACUDAS

Lines # - Real PCT - Wanted PCT - Time Play
Normal Forward
1 - 35% - 38% - 16:03
2 - 28% - 31% - 12:53
3 - 22% - 21% - 10:15
4 - 15% - 10% - 6:56
Normal Defense
1 - 34% - 36% - 15:29
2 - 37% - 31% - 17:05
3 - 25% - 23% - 11:23
4 - 5% - 10% - 2:10
PP Forward
1 - 53% - 55% - 4:14
2 - 47% - 45% - 3:42
PP Defense
1 - 52% - 55% - 4:06
2 - 48% - 45% - 3:50
PK Forward
1 - 64% - 55% - 3:47
2 - 36% - 45% - 2:10
PK Defense
1 - 72% - 55% - 4:16
2 - 28% - 45% - 1:41
PK3 Forward
1 - 0% - 55%
2 - 0% - 45%
PK3 Defense
1 - 0% - 55%
2 - 0% - 45%
44 Forward
1 - 0% - 55%
2 - 0% - 45%
44 Defense
1 - 0% - 55%
2 - 0% - 45%
Last Minute Offensive  - 0:00
Last Minute Defensive  - 0:00
Total
Forward - 60:00
Defense - 60:00

% Time on Ice - PORTLAND PIRATES

Lines # - Real PCT - Wanted PCT - Time Play
Normal Forward
1 - 34% - 33% - 15:28
2 - 34% - 33% - 15:41
3 - 24% - 24% - 11:16
4 - 8% - 10% - 3:42
Normal Defense
1 - 36% - 35% - 16:39
2 - 37% - 35% - 17:03
3 - 19% - 20% - 8:51
4 - 8% - 10% - 3:34
PP Forward
1 - 57% - 60% - 3:25
2 - 43% - 40% - 2:32
PP Defense
1 - 61% - 60% - 3:36
2 - 39% - 40% - 2:21
PK Forward
1 - 63% - 55% - 5:02
2 - 37% - 45% - 2:54
PK Defense
1 - 53% - 55% - 4:14
2 - 47% - 45% - 3:42
PK3 Forward
1 - 0% - 55%
2 - 0% - 45%
PK3 Defense
1 - 0% - 55%
2 - 0% - 45%
44 Forward
1 - 0% - 55%
2 - 0% - 45%
44 Defense
1 - 0% - 55%
2 - 0% - 45%
Last Minute Offensive  - 0:00
Last Minute Defensive  - 0:00
Total
Forward - 60:00
Defense - 60:00

Play-by-Play

1st period


0:01 of 1st period - Mika Zibanejad wins face-off versus Brock Nelson in neutral zone.
0:08 of 1st period - Shot by Mika Zibanejad.
0:08 of 1st period - Shot Misses the Net.
1:08 of 1st period - Shot by Robert Thomas.
1:08 of 1st period - Shot Misses the Net.
1:10 of 1st period - Shot by Pavel Zacha.
1:10 of 1st period - Shot Misses the Net.
1:12 of 1st period - Shot by Yanni Gourde.
1:12 of 1st period - Shot Blocked by Alex Pietrangelo.
2:12 of 1st period - Shot by Rickard Rakell.
2:12 of 1st period - Shot Misses the Net.
4:12 of 1st period - Shot by Michael Amadio.
4:12 of 1st period - Stopped by Martin Jones without a rebound.
4:13 of 1st period - Yanni Gourde wins face-off versus Nolan Patrick in LONG BEACH BARACUDAS zone.
4:16 of 1st period - Shot by Yanni Gourde.
4:16 of 1st period - Deflect By Pavel Zacha.
4:16 of 1st period - Shot Blocked by Nolan Patrick.
4:34 of 1st period - Shot by Robert Fabbri.
4:34 of 1st period - Stopped by Kevin Lankinen without a rebound.
4:35 of 1st period - Jonathan Toews wins face-off versus Nicklas Backstrom in PORTLAND PIRATES zone.
4:42 of 1st period - Shot by Ryan Donato.
4:42 of 1st period - Shot Blocked by Alex Pietrangelo.
4:52 of 1st period - Shot by Alex Pietrangelo.
4:52 of 1st period - Stopped by Kevin Lankinen without a rebound.
4:53 of 1st period - Brock Nelson wins face-off versus Robert Thomas in PORTLAND PIRATES zone.
5:02 of 1st period - Shot by Taylor Hall.
5:02 of 1st period - Stopped by Kevin Lankinen without a rebound.
5:03 of 1st period - Nicklas Backstrom wins face-off versus Robert Thomas in PORTLAND PIRATES zone.
5:03 of 1st period - P.K. Subban is hit by Mark Borowiecki and loses puck.
5:11 of 1st period - Icing by Yanni Gourde.
5:12 of 1st period - Robert Thomas wins face-off versus Brock McGinn in PORTLAND PIRATES zone.
5:12 of 1st period - Robert Thomas is hit by Craig Smith.
5:15 of 1st period - Icing by Yanni Gourde.
5:16 of 1st period - Robert Thomas wins face-off versus Nicklas Backstrom in PORTLAND PIRATES zone.
6:17 of 1st period - Taylor Hall is hit by Brian Dumoulin and loses puck.
6:45 of 1st period - Shot by Brock Nelson.
6:45 of 1st period - Stopped by Kevin Lankinen without a rebound.
6:46 of 1st period - Mika Zibanejad wins face-off versus Nolan Patrick in PORTLAND PIRATES zone.
6:57 of 1st period - Shot by Chandler Stephenson.
6:57 of 1st period - Shot Misses the Net.
7:05 of 1st period - Shot by Mika Zibanejad.
7:05 of 1st period - Shot Misses the Net.
7:33 of 1st period - Shot by Mika Zibanejad.
7:33 of 1st period - Shot Misses the Net.
7:49 of 1st period - Shot by Michael Amadio.
7:49 of 1st period - Stopped by Martin Jones without a rebound.
7:50 of 1st period - Brock Nelson wins face-off versus Robert Thomas in LONG BEACH BARACUDAS zone.
7:52 of 1st period - Taylor Hall is hit by Yanni Gourde and loses puck.
8:09 of 1st period - Shot by Brock Nelson.
8:09 of 1st period - Stopped by Kevin Lankinen with a rebound.
8:11 of 1st period - Shot by Brock Nelson.
8:11 of 1st period - Goal by Brock Nelson - LONG BEACH BARACUDAS : 1 - PORTLAND PIRATES : 0.
8:12 of 1st period - Nicklas Backstrom wins face-off versus Jonathan Toews in neutral zone.
8:22 of 1st period - Brock McGinn is hit by Mark Borowiecki and loses puck.
8:40 of 1st period - Shot by Craig Smith.
8:40 of 1st period - Stopped by Kevin Lankinen without a rebound.
8:41 of 1st period - Brock Nelson wins face-off versus Mika Zibanejad in PORTLAND PIRATES zone.
8:53 of 1st period - Minor Penalty to Seth Jarvis for Roughing.
8:54 of 1st period - Robert Fabbri wins face-off versus Mika Zibanejad in LONG BEACH BARACUDAS zone.
9:56 of 1st period - Icing by Thomas Chabot.
9:57 of 1st period - Nolan Patrick wins face-off versus Mika Zibanejad in PORTLAND PIRATES zone.
9:58 of 1st period - Shot by William Karlsson.
9:58 of 1st period - Shot Blocked by Thomas Chabot.
10:29 of 1st period - Pavel Zacha is hit by Nolan Patrick and loses puck.
10:33 of 1st period - Off-side.
10:34 of 1st period - Chandler Stephenson wins face-off versus Robert Fabbri in neutral zone.
11:08 of 1st period - Shot by Michael Amadio.
11:08 of 1st period - Shot Misses the Net.
11:10 of 1st period - Shot by Michael Amadio.
11:10 of 1st period - Stopped by Martin Jones without a rebound.
11:11 of 1st period - Brock Nelson wins face-off versus Pavel Zacha in LONG BEACH BARACUDAS zone.
12:21 of 1st period - Mika Zibanejad is hit by Ryan Murray and loses puck.
12:24 of 1st period - Shot by Chandler Stephenson.
12:24 of 1st period - Shot Misses the Net.
12:42 of 1st period - Shot by Mika Zibanejad.
12:42 of 1st period - Stopped by Martin Jones without a rebound.
12:43 of 1st period - Jonathan Toews wins face-off versus William Karlsson in LONG BEACH BARACUDAS zone.
12:44 of 1st period - Shot by Rickard Rakell.
12:44 of 1st period - Goal by Rickard Rakell - LONG BEACH BARACUDAS : 1 - PORTLAND PIRATES : 1.
12:45 of 1st period - Jonathan Toews wins face-off versus William Karlsson in neutral zone.
12:52 of 1st period - Shot by Rickard Rakell.
12:52 of 1st period - Stopped by Martin Jones without a rebound.
12:53 of 1st period - William Karlsson wins face-off versus Jonathan Toews in LONG BEACH BARACUDAS zone.
13:23 of 1st period - Rickard Rakell is hit by Derrick Pouliot and loses puck.
13:24 of 1st period - Minor Penalty to P.K. Subban for Slashing.
13:25 of 1st period - Mika Zibanejad wins face-off versus Robert Fabbri in LONG BEACH BARACUDAS zone.
13:48 of 1st period - Shot by Mika Zibanejad.
13:48 of 1st period - Stopped by Martin Jones with a rebound.
13:55 of 1st period - Icing by Brett Pesce.
13:56 of 1st period - Mika Zibanejad wins face-off versus Nolan Patrick in PORTLAND PIRATES zone.
15:28 of 1st period - Icing by Ryan Murray.
15:29 of 1st period - Brock Nelson wins face-off versus Ryan Donato in LONG BEACH BARACUDAS zone.
16:00 of 1st period - Icing by Travis Hamonic.
16:01 of 1st period - Ryan Donato wins face-off versus Jaden Schwartz in PORTLAND PIRATES zone.
16:53 of 1st period - Shot by Robert Thomas.
16:53 of 1st period - Shot Blocked by William Karlsson.
16:55 of 1st period - Shot by Yanni Gourde.
16:55 of 1st period - Shot Misses the Net.
16:57 of 1st period - Shot by Pavel Zacha.
16:57 of 1st period - Stopped by Martin Jones without a rebound.
16:58 of 1st period - Mika Zibanejad wins face-off versus Nicklas Backstrom in LONG BEACH BARACUDAS zone.
17:14 of 1st period - Minor Penalty to Mark Borowiecki for Slashing.
17:15 of 1st period - Brock Nelson wins face-off versus Pavel Zacha in PORTLAND PIRATES zone.
17:20 of 1st period - Shot by Seth Jarvis.
17:20 of 1st period - Shot Misses the Net.
17:32 of 1st period - Shot by Brock Nelson.
17:32 of 1st period - Shot Blocked by Travis Hamonic.
18:03 of 1st period - Icing by Seth Jarvis.
18:04 of 1st period - Brock Nelson wins face-off versus Pavel Zacha in LONG BEACH BARACUDAS zone.
18:56 of 1st period - Shot by Taylor Hall.
18:56 of 1st period - Stopped by Kevin Lankinen without a rebound.
18:57 of 1st period - Brock Nelson wins face-off versus Pavel Zacha in PORTLAND PIRATES zone.
19:28 of 1st period - Travis Konecny is hit by Robert Fabbri.
19:50 of 1st period - Shot by Mika Zibanejad.
19:50 of 1st period - Shot Blocked by Alex Pietrangelo.
19:59 of 1st period - Icing by Ryan Murray.
Goals for this period are 1 for LONG BEACH BARACUDAS vs 1 for PORTLAND PIRATES.
Shots for this period are 8 for LONG BEACH BARACUDAS vs 8 for PORTLAND PIRATES.

2nd period


0:01 of 2nd period - Brock Nelson wins face-off versus Robert Thomas in neutral zone.
1:31 of 2nd period - Off-side.
1:32 of 2nd period - Mika Zibanejad wins face-off versus Nicklas Backstrom in neutral zone.
1:36 of 2nd period - Chandler Stephenson is hit by Derrick Pouliot and loses puck.
1:56 of 2nd period - Shot by Brock McGinn.
1:56 of 2nd period - Shot Misses the Net.
1:58 of 2nd period - Shot by P.K. Subban.
1:58 of 2nd period - Shot Misses the Net.
2:00 of 2nd period - Shot by Brock McGinn.
2:00 of 2nd period - Shot Blocked by Mika Zibanejad.
2:02 of 2nd period - Shot by Craig Smith.
2:02 of 2nd period - Stopped by Kevin Lankinen with a rebound.
2:04 of 2nd period - Shot by Craig Smith.
2:04 of 2nd period - Shot Misses the Net.
2:06 of 2nd period - Shot by P.K. Subban.
2:06 of 2nd period - Stopped by Kevin Lankinen with a rebound.
2:08 of 2nd period - Shot by P.K. Subban.
2:08 of 2nd period - Shot Misses the Net.
2:37 of 2nd period - Minor Penalty to Robert Fabbri for Holding.
2:38 of 2nd period - Derek Stepan wins face-off versus Chandler Stephenson in LONG BEACH BARACUDAS zone.
2:55 of 2nd period - Shot by Jonathan Toews.
2:55 of 2nd period - Shot Blocked by Alex Pietrangelo.
3:07 of 2nd period - Shot by Rickard Rakell.
3:07 of 2nd period - Stopped by Martin Jones without a rebound.
3:08 of 2nd period - Robert Thomas wins face-off versus Nolan Patrick in LONG BEACH BARACUDAS zone.
3:19 of 2nd period - Shot by Travis Konecny.
3:19 of 2nd period - Stopped by Martin Jones without a rebound.
3:20 of 2nd period - Derek Stepan wins face-off versus Mika Zibanejad in LONG BEACH BARACUDAS zone.
3:33 of 2nd period - Shot by Robert Thomas.
3:33 of 2nd period - Stopped by Martin Jones with a rebound.
3:35 of 2nd period - Shot by Travis Konecny.
3:35 of 2nd period - Deflect By Robert Thomas.
3:35 of 2nd period - Stopped by Martin Jones without a rebound.
3:36 of 2nd period - Chandler Stephenson wins face-off versus Derek Stepan in LONG BEACH BARACUDAS zone.
3:41 of 2nd period - Shot by Yanni Gourde.
3:41 of 2nd period - Stopped by Martin Jones without a rebound.
3:42 of 2nd period - Derek Stepan wins face-off versus Mika Zibanejad in LONG BEACH BARACUDAS zone.
3:52 of 2nd period - Icing by Robert Thomas.
3:53 of 2nd period - Travis Konecny wins face-off versus Derek Stepan in PORTLAND PIRATES zone.
4:06 of 2nd period - Shot by Robert Thomas.
4:06 of 2nd period - Shot Misses the Net.
4:14 of 2nd period - Shot by Robert Thomas.
4:14 of 2nd period - Stopped by Martin Jones without a rebound.
4:15 of 2nd period - Chandler Stephenson wins face-off versus Nolan Patrick in LONG BEACH BARACUDAS zone.
4:18 of 2nd period - Shot by Rickard Rakell.
4:18 of 2nd period - Shot Blocked by Derrick Pouliot.
5:25 of 2nd period - Icing by Mitch Reinke.
5:26 of 2nd period - Brock Nelson wins face-off versus Yanni Gourde in LONG BEACH BARACUDAS zone.
5:43 of 2nd period - Brock Nelson is hit by Yanni Gourde and loses puck.
6:04 of 2nd period - Shot by Pavel Zacha.
6:04 of 2nd period - Shot Misses the Net.
6:10 of 2nd period - Shot by Yanni Gourde.
6:10 of 2nd period - Stopped by Martin Jones without a rebound.
6:11 of 2nd period - Mika Zibanejad wins face-off versus William Karlsson in LONG BEACH BARACUDAS zone.
6:35 of 2nd period - Icing by Alex Pietrangelo.
6:36 of 2nd period - Jonathan Toews wins face-off versus Arthur Kaliyev in LONG BEACH BARACUDAS zone.
6:49 of 2nd period - Rickard Rakell is hit by Arthur Kaliyev and loses puck.
7:05 of 2nd period - Minor Penalty to Travis Hamonic for Interference.
7:06 of 2nd period - William Karlsson wins face-off versus Pavel Zacha in PORTLAND PIRATES zone.
7:19 of 2nd period - Shot by Alex Pietrangelo.
7:19 of 2nd period - Shot Blocked by William Carrier.
7:21 of 2nd period - Shot by Alex Pietrangelo.
7:21 of 2nd period - Deflect By William Karlsson.
7:21 of 2nd period - Shot Misses the Net.
7:23 of 2nd period - Shot by Alex Pietrangelo.
7:23 of 2nd period - Shot Misses the Net.
7:33 of 2nd period - Shot by Nicklas Backstrom.
7:33 of 2nd period - Stopped by Kevin Lankinen without a rebound.
7:34 of 2nd period - Yanni Gourde wins face-off versus Brock Nelson in PORTLAND PIRATES zone.
8:09 of 2nd period - Michael Amadio is hit by P.K. Subban and loses puck.
8:12 of 2nd period - Shot by Brian Dumoulin.
8:12 of 2nd period - Stopped by Martin Jones without a rebound.
8:13 of 2nd period - Pavel Zacha wins face-off versus Nicklas Backstrom in LONG BEACH BARACUDAS zone.
8:14 of 2nd period - Shot by William Carrier.
8:14 of 2nd period - Shot Misses the Net.
9:02 of 2nd period - Brett Pesce is hit by Seth Jarvis and loses puck.
9:19 of 2nd period - Shot by Chandler Stephenson.
9:19 of 2nd period - Shot Blocked by Robbie Russo.
9:46 of 2nd period - Shot by Mika Zibanejad.
9:46 of 2nd period - Shot Misses the Net.
9:54 of 2nd period - Derek Stepan is hit by Mika Zibanejad and loses puck.
10:59 of 2nd period - Shot by Robert Thomas.
10:59 of 2nd period - Shot Misses the Net.
11:01 of 2nd period - Shot by Robert Thomas.
11:01 of 2nd period - Shot Misses the Net.
11:03 of 2nd period - Shot by Pavel Zacha.
11:03 of 2nd period - Stopped by Martin Jones without a rebound.
11:04 of 2nd period - Brock Nelson wins face-off versus Robert Thomas in LONG BEACH BARACUDAS zone.
11:04 of 2nd period - Brock Nelson is hit by Pavel Zacha.
11:23 of 2nd period - Icing by Brian Dumoulin.
11:24 of 2nd period - William Karlsson wins face-off versus Robert Thomas in PORTLAND PIRATES zone.
11:45 of 2nd period - Shot by William Karlsson.
11:45 of 2nd period - Stopped by Kevin Lankinen without a rebound.
11:46 of 2nd period - Mika Zibanejad wins face-off versus Brock Nelson in PORTLAND PIRATES zone.
12:14 of 2nd period - Shot by Brock Nelson.
12:14 of 2nd period - Shot Blocked by Ben Hutton.
12:43 of 2nd period - Off-side.
12:44 of 2nd period - Robert Thomas wins face-off versus Nicklas Backstrom in neutral zone.
12:47 of 2nd period - Derrick Pouliot is hit by Robert Thomas and loses puck.
13:16 of 2nd period - Shot by Pavel Zacha.
13:16 of 2nd period - Deflect By Yanni Gourde.
13:16 of 2nd period - Shot Misses the Net.
13:18 of 2nd period - Shot by Pavel Zacha.
13:18 of 2nd period - Stopped by Martin Jones without a rebound.
13:19 of 2nd period - Jonathan Toews wins face-off versus William Karlsson in LONG BEACH BARACUDAS zone.
13:54 of 2nd period - Shot by William Karlsson.
13:54 of 2nd period - Stopped by Kevin Lankinen without a rebound.
13:55 of 2nd period - Robert Thomas wins face-off versus Brock Nelson in PORTLAND PIRATES zone.
14:00 of 2nd period - Shot by Taylor Hall.
14:00 of 2nd period - Shot Misses the Net.
14:05 of 2nd period - Taylor Hall is hit by Thomas Chabot and loses puck.
14:22 of 2nd period - Shot by Pavel Zacha.
14:22 of 2nd period - Stopped by Martin Jones without a rebound.
14:23 of 2nd period - Nicklas Backstrom wins face-off versus Mika Zibanejad in LONG BEACH BARACUDAS zone.
14:43 of 2nd period - Craig Smith is hit by Mark Borowiecki and loses puck.
14:55 of 2nd period - Shot by Craig Smith.
14:55 of 2nd period - Stopped by Kevin Lankinen with a rebound.
14:57 of 2nd period - Shot by Nicklas Backstrom.
14:57 of 2nd period - Stopped by Kevin Lankinen with a rebound.
14:59 of 2nd period - Shot by Brock McGinn.
14:59 of 2nd period - Stopped by Kevin Lankinen without a rebound.
15:00 of 2nd period - Brock Nelson wins face-off versus Robert Thomas in PORTLAND PIRATES zone.
15:11 of 2nd period - Shot by Seth Jarvis.
15:11 of 2nd period - Shot Misses the Net.
15:13 of 2nd period - Shot by Alex Pietrangelo.
15:13 of 2nd period - Stopped by Kevin Lankinen without a rebound.
15:14 of 2nd period - Jonathan Toews wins face-off versus Arthur Kaliyev in PORTLAND PIRATES zone.
15:25 of 2nd period - Shot by Jonathan Toews.
15:25 of 2nd period - Stopped by Martin Jones without a rebound.
15:26 of 2nd period - Brock Nelson wins face-off versus Robert Thomas in LONG BEACH BARACUDAS zone.
15:47 of 2nd period - Alex Pietrangelo is hit by Pavel Zacha and loses puck.
16:05 of 2nd period - Off-side.
16:06 of 2nd period - William Karlsson wins face-off versus Jonathan Toews in neutral zone.
16:20 of 2nd period - Icing by Brian Dumoulin.
16:21 of 2nd period - Jonathan Toews wins face-off versus Nicklas Backstrom in PORTLAND PIRATES zone.
16:40 of 2nd period - Shot by Ryan Donato.
16:40 of 2nd period - Stopped by Martin Jones without a rebound.
16:41 of 2nd period - Mika Zibanejad wins face-off versus William Karlsson in LONG BEACH BARACUDAS zone.
16:43 of 2nd period - Minor Penalty to Travis Konecny for Tripping.
16:44 of 2nd period - Pavel Zacha wins face-off versus William Karlsson in PORTLAND PIRATES zone.
18:29 of 2nd period - Shot by Yanni Gourde.
18:29 of 2nd period - Stopped by Martin Jones with a rebound.
18:35 of 2nd period - Shot by Yanni Gourde.
18:35 of 2nd period - Shot Blocked by P.K. Subban.
18:37 of 2nd period - Shot by Mark Borowiecki.
18:37 of 2nd period - Shot Misses the Net.
18:44 of 2nd period - Shot by Mika Zibanejad.
18:44 of 2nd period - Shot Blocked by Ryan Murray.
19:00 of 2nd period - Shot by Travis Konecny.
19:00 of 2nd period - Goal by Travis Konecny - LONG BEACH BARACUDAS : 1 - PORTLAND PIRATES : 2.
19:01 of 2nd period - Jonathan Toews wins face-off versus Nicklas Backstrom in neutral zone.
19:42 of 2nd period - Shot by Jonathan Toews.
19:42 of 2nd period - Stopped by Martin Jones without a rebound.
19:43 of 2nd period - Robert Thomas wins face-off versus William Karlsson in LONG BEACH BARACUDAS zone.
19:52 of 2nd period - Shot by Robert Thomas.
19:52 of 2nd period - Shot Blocked by Alex Pietrangelo.
19:54 of 2nd period - Shot by Travis Hamonic.
19:54 of 2nd period - Shot Misses the Net.
19:56 of 2nd period - Shot by Yanni Gourde.
19:56 of 2nd period - Stopped by Martin Jones without a rebound.
19:57 of 2nd period - Brock Nelson wins face-off versus Mika Zibanejad in LONG BEACH BARACUDAS zone.
Goals for this period are 0 for LONG BEACH BARACUDAS vs 1 for PORTLAND PIRATES.
Shots for this period are 9 for LONG BEACH BARACUDAS vs 17 for PORTLAND PIRATES.

3rd period


0:01 of 3rd period - Robert Thomas wins face-off versus Brock Nelson in neutral zone.
0:26 of 3rd period - Shot by Yanni Gourde.
0:26 of 3rd period - Shot Misses the Net.
1:27 of 3rd period - Mika Zibanejad is hit by P.K. Subban and loses puck.
1:34 of 3rd period - Shot by Chandler Stephenson.
1:34 of 3rd period - Stopped by Martin Jones with a rebound.
1:53 of 3rd period - Icing by William Karlsson.
1:54 of 3rd period - Jonathan Toews wins face-off versus William Karlsson in LONG BEACH BARACUDAS zone.
1:54 of 3rd period - Jonathan Toews is hit by Derrick Pouliot.
2:15 of 3rd period - Icing by Rickard Rakell.
2:16 of 3rd period - Jonathan Toews wins face-off versus Nicklas Backstrom in PORTLAND PIRATES zone.
2:37 of 3rd period - Shot by Craig Smith.
2:37 of 3rd period - Stopped by Kevin Lankinen without a rebound.
2:38 of 3rd period - Mika Zibanejad wins face-off versus Brock Nelson in PORTLAND PIRATES zone.
2:38 of 3rd period - Mika Zibanejad is hit by Brock Nelson.
2:51 of 3rd period - Icing by Brett Pesce.
2:52 of 3rd period - Mika Zibanejad wins face-off versus Brock McGinn in PORTLAND PIRATES zone.
2:57 of 3rd period - Shot by Mika Zibanejad.
2:57 of 3rd period - Shot Misses the Net.
3:13 of 3rd period - Shot by Mika Zibanejad.
3:13 of 3rd period - Deflect By Chandler Stephenson.
3:13 of 3rd period - Shot Misses the Net.
3:29 of 3rd period - Shot by Chandler Stephenson.
3:29 of 3rd period - Stopped by Martin Jones without a rebound.
3:30 of 3rd period - Brock Nelson wins face-off versus Robert Thomas in LONG BEACH BARACUDAS zone.
3:32 of 3rd period - Icing by Taylor Hall.
3:33 of 3rd period - Robert Thomas wins face-off versus Taylor Hall in LONG BEACH BARACUDAS zone.
4:44 of 3rd period - Shot by Travis Konecny.
4:44 of 3rd period - Stopped by Martin Jones with a rebound.
4:46 of 3rd period - Shot by Chandler Stephenson.
4:46 of 3rd period - Shot Blocked by Alex Pietrangelo.
6:11 of 3rd period - Shot by William Karlsson.
6:11 of 3rd period - Stopped by Kevin Lankinen without a rebound.
6:12 of 3rd period - Robert Thomas wins face-off versus Nicklas Backstrom in PORTLAND PIRATES zone.
8:06 of 3rd period - Icing by P.K. Subban.
8:07 of 3rd period - Ryan Donato wins face-off versus William Karlsson in LONG BEACH BARACUDAS zone.
8:21 of 3rd period - William Karlsson is hit by Mark Borowiecki and loses puck.
8:47 of 3rd period - Shot by Robert Fabbri.
8:47 of 3rd period - Goal by Robert Fabbri - LONG BEACH BARACUDAS : 2 - PORTLAND PIRATES : 2.
8:48 of 3rd period - Nicklas Backstrom wins face-off versus Robert Thomas in neutral zone.
9:01 of 3rd period - Shot by Brock McGinn.
9:01 of 3rd period - Shot Misses the Net.
9:18 of 3rd period - Shot by Pavel Zacha.
9:18 of 3rd period - Shot Misses the Net.
12:01 of 3rd period - Minor Penalty to Pavel Zacha for Holding.
12:02 of 3rd period - Brock Nelson wins face-off versus Chandler Stephenson in PORTLAND PIRATES zone.
12:08 of 3rd period - Shot by Alex Pietrangelo.
12:08 of 3rd period - Stopped by Kevin Lankinen without a rebound.
12:09 of 3rd period - William Karlsson wins face-off versus Chandler Stephenson in PORTLAND PIRATES zone.
12:30 of 3rd period - Shot by Taylor Hall.
12:30 of 3rd period - Shot Blocked by Brian Dumoulin.
13:12 of 3rd period - Shot by Brock Nelson.
13:12 of 3rd period - Stopped by Kevin Lankinen without a rebound.
13:13 of 3rd period - Yanni Gourde wins face-off versus William Karlsson in PORTLAND PIRATES zone.
13:35 of 3rd period - Icing by Taylor Hall.
13:36 of 3rd period - William Karlsson wins face-off versus Yanni Gourde in LONG BEACH BARACUDAS zone.
14:04 of 3rd period - Derek Stepan is hit by Thomas Chabot and loses puck.
14:35 of 3rd period - Shot by Rickard Rakell.
14:35 of 3rd period - Shot Misses the Net.
15:07 of 3rd period - Shot by Robert Thomas.
15:07 of 3rd period - Shot Blocked by Mitch Reinke.
15:09 of 3rd period - Shot by Robert Thomas.
15:09 of 3rd period - Stopped by Martin Jones without a rebound.
15:10 of 3rd period - Chandler Stephenson wins face-off versus William Karlsson in LONG BEACH BARACUDAS zone.
15:37 of 3rd period - Shot by William Karlsson.
15:37 of 3rd period - Shot Blocked by Mark Borowiecki.
16:31 of 3rd period - Icing by Brian Dumoulin.
16:32 of 3rd period - Robert Thomas wins face-off versus Nicklas Backstrom in PORTLAND PIRATES zone.
16:32 of 3rd period - Robert Thomas is hit by Brock McGinn.
16:35 of 3rd period - Icing by Yanni Gourde.
16:36 of 3rd period - Nicklas Backstrom wins face-off versus Robert Thomas in PORTLAND PIRATES zone.
17:35 of 3rd period - Icing by Thomas Chabot.
17:36 of 3rd period - William Karlsson wins face-off versus Michael Amadio in PORTLAND PIRATES zone.
18:33 of 3rd period - Seth Jarvis is hit by Mark Borowiecki and loses puck.
18:39 of 3rd period - Icing by Seth Jarvis.
18:40 of 3rd period - Pavel Zacha wins face-off versus Taylor Hall in LONG BEACH BARACUDAS zone.
19:15 of 3rd period - Shot by Seth Jarvis.
19:15 of 3rd period - Shot Misses the Net.
19:49 of 3rd period - Mika Zibanejad is hit by Craig Smith and loses puck.
19:56 of 3rd period - Shot by Chandler Stephenson.
19:56 of 3rd period - Stopped by Martin Jones without a rebound.
19:57 of 3rd period - Jonathan Toews wins face-off versus William Karlsson in LONG BEACH BARACUDAS zone.
19:57 of 3rd period - Jonathan Toews is hit by Ryan Murray.
Goals for this period are 1 for LONG BEACH BARACUDAS vs 0 for PORTLAND PIRATES.
Shots for this period are 5 for LONG BEACH BARACUDAS vs 5 for PORTLAND PIRATES.

Overtime #1


0:01 of 1st overtime period - Mika Zibanejad wins face-off versus William Karlsson in neutral zone.
0:18 of 1st overtime period - Shot by Alex Pietrangelo.
0:18 of 1st overtime period - Stopped by Kevin Lankinen without a rebound.
0:19 of 1st overtime period - William Karlsson wins face-off versus Mika Zibanejad in PORTLAND PIRATES zone.
0:52 of 1st overtime period - Shot by William Karlsson.
0:52 of 1st overtime period - Shot Misses the Net.
0:54 of 1st overtime period - Shot by Alex Pietrangelo.
0:54 of 1st overtime period - Shot Misses the Net.
0:56 of 1st overtime period - Shot by William Karlsson.
0:56 of 1st overtime period - Stopped by Kevin Lankinen with a rebound.
1:26 of 1st overtime period - Off-side.
1:27 of 1st overtime period - Robert Thomas wins face-off versus Taylor Hall in neutral zone.
2:12 of 1st overtime period - Shot by Brock Nelson.
2:12 of 1st overtime period - Stopped by Kevin Lankinen with a rebound.
3:26 of 1st overtime period - Shot by Chandler Stephenson.
3:26 of 1st overtime period - Shot Misses the Net.
3:32 of 1st overtime period - Shot by Chandler Stephenson.
3:32 of 1st overtime period - Shot Blocked by P.K. Subban.
3:34 of 1st overtime period - Shot by Chandler Stephenson.
3:34 of 1st overtime period - Shot Blocked by P.K. Subban.
4:37 of 1st overtime period - Shot by Seth Jarvis.
4:37 of 1st overtime period - Shot Blocked by Rickard Rakell.
4:55 of 1st overtime period - Icing by Seth Jarvis.
4:56 of 1st overtime period - Robert Thomas wins face-off versus Taylor Hall in LONG BEACH BARACUDAS zone.
Goals for this period are 0 for LONG BEACH BARACUDAS vs 0 for PORTLAND PIRATES.
Shots for this period are 3 for LONG BEACH BARACUDAS vs 0 for PORTLAND PIRATES.

ShootOut


5:00 of 1st overtime period - Round #1.
5:00 of 1st overtime period - LONG BEACH BARACUDAS, William Karlsson.
5:00 of 1st overtime period - Shot Misses the Net.
5:00 of 1st overtime period - PORTLAND PIRATES, Mika Zibanejad.
5:00 of 1st overtime period - Shot Misses the Net.
5:00 of 1st overtime period - Round #2.
5:00 of 1st overtime period - LONG BEACH BARACUDAS, Brock Nelson.
5:00 of 1st overtime period - Stopped by Kevin Lankinen.
5:00 of 1st overtime period - PORTLAND PIRATES, Robert Thomas.
5:00 of 1st overtime period - Stopped by Martin Jones.
5:00 of 1st overtime period - Round #3.
5:00 of 1st overtime period - LONG BEACH BARACUDAS, Taylor Hall.
5:00 of 1st overtime period - Shot Misses the Net.
5:00 of 1st overtime period - PORTLAND PIRATES, Chandler Stephenson.
5:00 of 1st overtime period - Goal by Chandler Stephenson.


NATHAN
MACKINNON
PHILLIP
DANAULT
CONNOR
MCDAVID

EAST COAST

HOCKEY LEAGUE

  • 25.QUE4CHI5
  • 26.CHA2LIM3
  • 27.TRV2LON3
  • 28.CHW4BAL2
  • 29.PITMAN
  • 30.ATLNHW
  • 31.WORPET
  • 32.RHI